 Dungeon Crawl Stone Soup version 0.30-a0-313-gae38170b09 (webtiles) character file.

Game seed: 5415530312571072485

2586 retardedninja the Cleaver (level 9, -2/118 HPs)
             Began as a Hill Orc Fighter on Oct 26, 2022.
             Was an Initiate of Gozag.
             Slain by a two-headed ogre
             ... wielding a +0 giant spiked club
              (7 damage)
             ... on level 7 of the Dungeon.
             The game lasted 00:12:03 (6110 turns).

retardedninja the Cleaver (Hill Orc Fighter)        Turns: 6110, Time: 00:12:04

Health: -2/118     AC: 24    Str: 22 (23) XL:     9   Next: 58%
Magic:  9/9        EV:  2    Int:  5 (8)  God:    Gozag
Gold:   841        SH: 11    Dex:  8 (10) Spells: 8/8 levels left

rFire   . . .      SeeInvis .    a - +0 war axe
rCold   . . .      Faith    .    y - +2 buckler
rNeg    . . .      Spirit   .    (body armour currently unavailable)
rPois   +          Reflect  +    (helmet currently unavailable)
rElec   .          Harm     .    (cloak currently unavailable)
rCorr   .          Rampage  .    (gloves currently unavailable)
Will    .....      NoTele   +    (boots currently unavailable)
Stlth   +.........               x - amulet of reflection
HPRegen 0.39/turn                w - +4 ring of evasion
MPRegen 0.11/turn                (no ring)

@: tree-form, on berserk cooldown, hasted and slowed
A: stationary, stasis, torment immunity, boosted hp, (cold resistance 1),
subdued magic 1
a: Renounce Religion, Potion Petition, Call Merchant, Bribe Branch


You were on level 7 of the Dungeon.
You worshipped Gozag.
Gozag was pleased with you.
You were a tree.
You visited 2 branches of the dungeon, and saw 8 of its levels.

You collected 904 gold pieces.
You paid 63 gold pieces to Gozag.

Inventory:

Hand Weapons
 a - a +0 war axe (weapon)
Missiles
 b - 4 javelins
 u - 5 boomerangs
Armour
 g - a +0 plate armour (melded)
 k - a +1 cloak of poison resistance (melded)
 v - a +0 pair of gloves (melded)
 y - a +2 buckler (worn)
Jewellery
 w - a +4 ring of evasion (left branch)
 x - an amulet of reflection (around neck)
Wands
 l - a wand of iceblast (11) (quivered)
Scrolls
 d - 3 scrolls of identify
 e - 2 scrolls of teleportation
 n - a scroll of torment {unknown}
 o - 2 scrolls of fog {unknown}
Potions
 f - 3 potions of attraction
 i - a potion of heal wounds {unknown}
 j - a potion of lignification
 s - 2 potions of haste
 z - a potion of invisibility {unknown}


   Skills:
 + Level 7.6 Fighting
 + Level 11.6 Axes
 + Level 1.4 Throwing
 + Level 6.5 Armour
 + Level 2.1 Dodging
 + Level 0.4 Stealth
 + Level 5.2 Shields


You had 8 spell levels left.
You didn't know any spells.
Your spell library contained the following spells:

 Spells                   Type           Power      Damage    Failure   Level
 Magic Dart               Conj           0%         1d3       52%         1
 Call Imp                 Summ           0%         N/A       67%         2
 Cigotuvi's Dreadful Rot  Necr/Pois/Air  0%         N/A       67%         2
 Poisonous Vapours        Pois/Air       0%         N/A       67%         2
 Gell's Gravitas          Tloc           0%         N/A       88%         3
 Mephitic Cloud           Conj/Pois/Air  0%         N/A       88%         3
 Teleport Other           Tloc           0%         N/A       88%         3
 Dispersal                Tloc           0%         N/A       100%        6


Dungeon Overview and Level Annotations

Branches:
Dungeon (7/15)             Temple (1/1) D:4

Altars:
Ashenzari
Cheibriados
Dithmenos
Elyvilon
Gozag
Hepliaklqana
Kikubaaqudgha
Makhleb
Nemelex Xobeh
Qazlal
Ru
Sif Muna
Uskayaw
Vehumet
Wu Jian
Yredelemnul
Zin

Shops:
D:1 *   D:4 (   D:5 (


Innate Abilities, Weirdness & Mutations

You are a tree.
Your roots penetrate the ground, keeping you stationary.
You cannot be teleported.
You are immune to unholy pain and torment.
Your maximum health is greatly increased.
Your equipment is partially melded.
((Your flesh is cold resistant. (rC+)))
Your spells are a little easier to cast, but a little less powerful.


Message History

It was a potion of berserk rage.
A red film seems to cover your vision as you go berserk!
You feel yourself moving faster!
You feel mighty!
The boulder beetle bites you but does no damage.
You hit the boulder beetle but do no damage.
You hit the boulder beetle but do no damage.
You block the boulder beetle's attack.
You hit the boulder beetle but do no damage.
The boulder beetle bites you.
* * * LOW HITPOINT WARNING * * *
You slash the boulder beetle!
The boulder beetle is lightly wounded.
You hit the boulder beetle but do no damage.
The boulder beetle is lightly wounded.
The boulder beetle leaps!
You cannot move.
You cannot move.
You cannot move.
You cannot move.
You are too berserk!
You are too berserk!
You are too berserk!
You are too berserk!
You drop a potion of degeneration.
The boulder beetle leaps!
You start resting.
You feel a strong urge to attack something.
You start resting.
A two-headed ogre comes into view.
It is wielding a +0 giant spiked club and a +0 giant club.
A two-headed ogre is nearby!
A two-headed ogre is nearby!
A two-headed ogre is nearby!
You are too berserk!
You drop 2 potions of brilliance.
You feel your anger nearly subside.
You are no longer berserk.
You are exhausted.
You feel yourself slow down.
You feel as though your hastened speed will last longer.
The two-headed ogre hits you with a +0 giant spiked club!
You die...
Your body crumbles into a pile of gold.

.#
##.#.##.##......#
.#
#.#............#
##
#.####.#..#..#.# #
#.####.#.........
#
#.................
####
#......###.#####.#
...####......##.##
.............#.#$#
#..#####...#...#♣#
#..# ##.##.#(#O#
#..# #.[..####.
...# ...#.# ##
##.# #...#.# ...#
#.. #.# #### #..
#.. $ # .. ..#


You could see a two-headed ogre.

Vanquished Creatures
  A two-headed ogre (D:7)
  A black bear (D:6)
  2 ogres (D:4)
  A centaur (D:7)
  2 phantoms (D:6)
  2 kobold brigands
  A necrophage (D:4)
  A bullfrog (D:6)
  9 scorpions
  2 wights (D:7)
  2 jellies (D:4)
  A hound (D:6)
  4 gnoll boudas
  4 iguanas
  2 orc wizards (D:6)
  15 gnolls
  10 adders
  2 shadow imps (D:6)
  3 white imps
  2 ufetubi
  2 worms
  3 dart slugs
  6 orcs
  3 endoplasms
  5 giant cockroaches
  7 goblins
  6 hobgoblins
  2 jackals (D:5)
  3 quokkas (D:1)
  5 ball pythons
  11 bats
  A frilled lizard (D:1)
  3 kobolds
  6 rats
  A toadstool (D:7)
131 creatures vanquished.

Vanquished Creatures (others)
  12 fungi
  A plant (D:5)
  3 toadstools (D:7)
16 creatures vanquished.

Grand Total: 147 creatures vanquished

Notes
Turn   | Place    | Note
-------+----------+-------------------------------------------
     0 | D:1      | retardedninja the Hill Orc Fighter began the quest for the
                  | Orb.
     0 | D:1      | Reached XP level 1. HP: 19/19 MP: 1/1
    55 | D:1      | Found a faded altar of an unknown god.
   134 | D:1      | Reached skill level 3 in Axes
   134 | D:1      | Reached XP level 2. HP: 27/27 MP: 2/2
   416 | D:1      | Found Iphoim's Assorted Antiques.
   645 | D:2      | Reached XP level 3. HP: 20/33 MP: 3/3
  1068 | D:2      | Reached skill level 4 in Axes
  1227 | D:3      | Reached XP level 4. HP: 40/40 MP: 4/4
  1432 | D:3      | Reached skill level 1 in Dodging
  1432 | D:3      | Reached XP level 5. HP: 34/46 MP: 5/5
  2173 | D:4      | Found a staircase to the Ecumenical Temple.
  2192 | D:4      | Reached skill level 5 in Axes
  2192 | D:4      | Reached XP level 6. HP: 38/52 MP: 6/6
  2345 | Temple   | Entered the Ecumenical Temple
  2355 | Temple   | Became a worshipper of Gozag Ym Sagoz the Greedy
  2584 | D:4      | Reached skill level 6 in Axes
  3055 | D:4      | Found Eseaso's Weapon Emporium.
  3078 | D:4      | Reached skill level 5 in Fighting
  3078 | D:4      | Reached skill level 5 in Armour
  3078 | D:4      | Reached XP level 7. HP: 6/61 MP: 7/7
  4239 | D:5      | Entered Level 5 of the Dungeon
  4335 | D:5      | Found Zywnecla's Hydra Hut.
  4351 | D:5      | Reached skill level 7 in Axes
  4355 | D:5      | Noticed a six-headed hydra
  4670 | D:5      | Reached skill level 1 in Throwing
  5073 | D:6      | Reached XP level 8. HP: 65/70 MP: 8/8
  5132 | D:6      | Reached skill level 8 in Axes
  5344 | D:6      | Reached skill level 9 in Axes
  5483 | D:6      | Found a sparkling altar of Nemelex Xobeh.
  5684 | D:6      | Reached skill level 10 in Axes
  5693 | D:6      | Found the +7 Singing Sword {vorpal, sonic wave}
  5700 | D:6      | Reached XP level 9. HP: 78/78 MP: 9/9
  6074 | D:7      | Noticed a two-headed ogre
  6092 | D:7      | HP: 3/79 [two-headed ogre/+0 giant spiked club (16)]
  6094 | D:7      | Killed a two-headed ogre
  6095 | D:7      | Reached skill level 11 in Axes
  6095 | D:7      | Reached skill level 5 in Shields
  6096 | D:7      | Noticed a boulder beetle
  6098 | D:7      | Gained mutation: Your spells are a little easier to cast,
                  | but a little less powerful. [potion of mutation]
  6098 | D:7      | Gained mutation: Your flesh is cold resistant. (rC+)
                  | [potion of mutation]
  6103 | D:7      | HP: 5/177 [boulder beetle (6)]
  6108 | D:7      | Noticed a two-headed ogre
  6110 | D:7      | Slain by a two-headed ogre

Illustrated notes

Levels and vault maps discovered:
D:1:      psy_arrival_basics, layout_basic,
          hellmonk_ecumenical_altar_arch_garden, serial_shops,
          nicolae_shop_hallway_stairs
D:2:      layout_loops_cross
D:3:      layout_rooms, minmay_fractal_squares_5
D:4:      minmay_wonky_spiral, layout_rooms, minmay_temple_entry_junction,
          serial_co_window_serial, co_window_paths_b, co_window_paths_a,
          co_window_corner_a, co_window_paths_a, co_window_corner_a,
          co_window_broadway_c, co_window_corner_b, co_window_cross_2,
          co_window_paths_c, serial_shops, kennysheep_little_box, minmay_between
D:5:      layout_cave_pools, doesnt_shop_hydraphobe
D:6:      old_forge, layout_rooms, eino_small_chamber_without_monster,
          minmay_ruined_shrine
D:7:      minmay_the_grid_square_5x5_3x3 [minmay_the_grid_square_5x5_fat_x,
          minmay_the_grid_square_5x5_z, minmay_the_grid_square_5x5_three,
          minmay_the_grid_square_5x5_shrine1,
          minmay_the_grid_square_5x5_megaprize_open,
          minmay_the_grid_square_5x5_v, minmay_the_grid_square_5x5_two_small,
          minmay_the_grid_square_5x5_eight, minmay_the_grid_square_5x5_inner_z],
          layout_loops_cross, minmay_gold_behind_fungi
Temple:   sentei_temple_godly_chess

Skill      XL: |  1  2  3  4  5  6  7  8  9 |
---------------+----------------------------+-----
Axes           | 3 4 5 6 7 10 11 | 11.6
Fighting       | 4 5 6 7 |  7.6
Armour         | 4 5 6 |  6.5
Dodging        | 1 2 |  2.1
Shields        | 4 5 |  5.2
Throwing       | 1 |  1.4
Stealth        | |  0.4

Action                   |  1- 3 |  4- 6 |  7- 9 || total
-------------------------+-------+-------+-------++-------
Melee: War axe           |    86 |   111 |   260 ||   457
Throw: Throwing net      |       |     1 |       ||     1
       Boomerang         |       |       |    39 ||    39
  Use: Potion            |       |     6 |    12 ||    18
       Scroll            |       |       |    10 ||    10
 Stab: Distracted        |       |       |     1 ||     1
Armor: Scale mail        |    26 |    45 |     9 ||    80
       Plate armour      |       |       |   158 ||   158
       Skin              |       |       |     1 ||     1
Dodge: Dodged            |    41 |    69 |   180 ||   290
Block: Buckler           |    20 |    27 |    88 ||   135
       Reflection        |       |       |     2 ||     2

Table legend: (Time is in decaauts)
 A = Elapsed time spent in this place.
 B = Non-inter-level travel time spent in this place.
 C = Inter-level travel time spent in this place.
 D = Time resting spent in this place.
 E = Time spent auto-exploring this place.
 F = Levels seen in this place.
 G = Mean time per level.
                   A        B        C        D        E       F      G
               +--------+--------+--------+--------+--------+-----+--------+
         Total |   6206 |   6117 |     89 |   1691 |   3279 |   8 |  775.8 |
       Dungeon |   6185 |   6096 |     89 |   1691 |   3279 |   7 |  883.6 |
        Temple |     20 |     20 |      0 |      0 |      0 |   1 |   20.0 |
               +--------+--------+--------+--------+--------+-----+--------+

Top non-repeatable levels by time:
     D:4: 2328 daAuts
     D:5: 821 daAuts
     D:6: 807 daAuts
     D:3: 711 daAuts
     D:2: 656 daAuts
     D:1: 591 daAuts
     D:7: 269 daAuts
  Temple: 20 daAuts
